 Dungeon Crawl Stone Soup version 0.31-a0-18-gea43df2a32 (webtiles) character file.

Game seed: 3544669097028795089

11 IdlyInterested the Trooper (level 2, -5/22 HPs)
             Began as a Demonspawn Wanderer on May 9, 2023.
             Slain by a hobgoblin
             ... wielding a +0 dagger
              (7 damage)
             ... on level 1 of the Dungeon.
             The game lasted 00:01:33 (373 turns).

IdlyInterested the Trooper (Demonspawn Wanderer)     Turns: 373, Time: 00:01:33

Health: -5/22      AC:  3    Str:  9    XL:     2   Next: 13%
Magic:  3/3        EV: 11    Int: 15    God:
Gold:   21         SH:  6    Dex: 13    Spells: 2/3 levels left

rFire   . . .        a - +0 dagger
rCold   . . .        e - +2 buckler
rNeg    . . .        d - +0 robe
rPois   .            (no helmet)
rElec   .            (no cloak)
rCorr   .            (no gloves)
SInv    .            b - +0 pair of boots
Will    .....        (no amulet)
Stlth   ++           (no ring)
HPRegen 0.23/turn    (no ring)
MPRegen 0.08/turn

%: no passive effects
@: no status effects
A: ignite blood 1
a: no special abilities


You were on level 1 of the Dungeon.
You visited 1 branch of the dungeon, and saw 1 of its levels.

You collected 21 gold pieces.

Inventory:

Hand Weapons
 a - a +0 dagger (weapon)
Armour
 b - a +0 pair of boots (worn)
 d - a +0 robe (worn)
 e - a +2 buckler (worn)
Scrolls
 c - a scroll of fog
 f - 3 scrolls of teleportation {unknown}
 g - 2 scrolls of identify {unknown}


   Skills:
 * Level 1.9 Fighting
 + Level 0.7 Armour
 - Level 1.7 Dodging
 - Level 1.0 Stealth
 - Level 1.7 Shields
 - Level 1.0 Spellcasting
 - Level 1.0 Translocations
 - Level 1.2 Invocations
 - Level 1.0 Evocations


You had 2 spell levels left.
You knew the following spells:

 Your Spells              Type           Power      Damage    Failure   Level
a - Apportation           Tloc           6%         N/A       24%         1

Your spell library contained the following spells:

 Spells                   Type           Power      Damage    Failure   Level
 Gell's Gravitas          Tloc           3%         N/A       58%         3


Dungeon Overview and Level Annotations

Branches:
Dungeon (1/15)

Altars:


Innate Abilities, Weirdness & Mutations

Your demonic aura sometimes causes spilled blood to erupt in flames.


Message History

A hobgoblin comes into view.
Found a scroll labelled NIYNKODOMA.
You block the kobold's attack.
You hit the kobold but do no damage.
The kobold is moderately wounded.
A hobgoblin comes into view. It is wielding a +0 dagger.
The kobold hits you but does no damage.
The hobgoblin shouts!
You hit the kobold but do no damage.
The kobold is moderately wounded.
The kobold hits you with a +0 dagger. The kobold hits you with a +0 dagger.
You closely miss the hobgoblin. The hobgoblin hits you.
You hit the hobgoblin.
The hobgoblin is heavily wounded.
The hobgoblin is engulfed in blazing flames.
You kill the hobgoblin!
The hobgoblin hits you with a +0 dagger.
The kobold hits you with a +0 dagger.
Things that are here:
a cyan potion; a hobgoblin corpse You hit the kobold.
The kobold is moderately wounded.
The hobgoblin hits you with a +0 dagger.
The kobold hits you but does no damage.
You hit the kobold.
You kill the kobold!
You block the hobgoblin's attack.
You hit the hobgoblin but do no damage.
The hobgoblin hits you with a +0 dagger.
You hit the hobgoblin but do no damage. You block the hobgoblin's attack.
You hit the hobgoblin but do no damage.
The hobgoblin hits you with a +0 dagger!
* * * LOW HITPOINT WARNING * * *
You hit the hobgoblin.
The hobgoblin is almost dead.
The hobgoblin misses you.
You closely miss the hobgoblin.
The hobgoblin is almost dead.
The hobgoblin hits you with a +0 dagger!
You die...

... #...# #.#
#...# #.# #...## #
#.# ##...# ..
#.####.#### ###.#
.#..#.#.......#
#.#
.......)..>##.#
#..
...###g#####.#####
#.# #@##........#
#.# #.##.##.###.#
#.# #?##
#.###)####.# #....
..##.......#
####.#####.....###
#.......###...#
###.#..##†#....
#....#.##....
##.....##.....


You could see a hobgoblin.

Vanquished Creatures
  A dart slug (D:1)
  A bat (D:1)
  A goblin (D:1)
  2 hobgoblins (D:1)
  A quokka (D:1)
  A kobold (D:1)
  A rat (D:1)
8 creatures vanquished.

Notes
Turn   | Place    | Note
-------+----------+-------------------------------------------
     0 | D:1      | IdlyInterested the Demonspawn Wanderer began the quest for
                  | the Orb.
     0 | D:1      | IdlyInterested set off with the following items: a +0
                  | dagger, a +0 pair of boots, a scroll of fog, a +0 robe, a
                  | +2 buckler; and the following spell memorised: Apportation;
                  | and the following spells available to memorise: Gell's
                  | Gravitas.
     0 | D:1      | Reached XP level 1. HP: 15/15 MP: 2/2
   209 | D:1      | Gained mutation: Your demonic aura sometimes causes spilled
                  | blood to erupt in flames. [demonic ancestry]
   209 | D:1      | Reached XP level 2. HP: 4/22 MP: 3/3
   373 | D:1      | Slain by a hobgoblin

Illustrated notes

Levels and vault maps discovered:
D:1:      dpeg_arrival_renting, layout_loops_cross, minmay_bisected

Action                     || total
---------------------------++-------
  Melee: Dagger            ||    59
  Throw: Stone             ||     9
 Armour: Robe              ||    18
  Dodge: Dodged            ||    20
  Block: Buckler           ||    16

Table legend: (Time is in decaauts)
 A = Elapsed time spent in this place.
 B = Non-inter-level travel time spent in this place.
 C = Inter-level travel time spent in this place.
 D = Time resting spent in this place.
 E = Time spent auto-exploring this place.
 F = Levels seen in this place.
 G = Mean time per level.
                   A        B        C        D        E       F      G
               +--------+--------+--------+--------+--------+-----+--------+
         Total |    378 |    378 |      0 |     87 |    155 |   1 |  378.0 |
       Dungeon |    378 |    378 |      0 |     87 |    155 |   1 |  378.0 |
               +--------+--------+--------+--------+--------+-----+--------+

Top non-repeatable levels by time:
     D:1: 378 daAuts
